[Event "*** Titled Tuesday Blitz"]
[Site "Chess.com"]
[Date "2020.11.24"]
[Round "5"]
[White "tan275"]
[Black "Godzillator"]
[Result "1/2-1/2"]
[WhiteElo "2203"]
[BlackElo "2386"]
[TimeControl "180+1"]
[EndTime "11:11:09 PST"]
[Termination "Game drawn by repetition"]

1. d4 d5 2. c4 c6 3. Nf3 Nf6 4. g3 dxc4 5. Bg2 b5 6. O-O Bb7 7. Ne5 e6 8. a4 a6 9. axb5 axb5 10. Rxa8 Bxa8 11. Nc3 Nd5 12. e4 Nxc3 13. bxc3 Nd7 14. Nxd7 Qxd7 15. Re1 Be7 16. Qg4 Bf6 17. e5 h5 18. Qe2 Be7 19. Be3 g6 20. Ra1 O-O 21. Bh6 Rc8 22. h4 Bb7 23. g4 hxg4 24. Qxg4 Kh7 25.
Bg5 c5 26. Bxe7 Qxe7 27. Ra7 Rc7 28. Rxb7 Rxb7 29. Bxb7 Qxb7 30. dxc5 Qd5 31. h5 Qxe5 32. hxg6+ fxg6 33. Qh4+ Qh5 34. Qe7+ Kh6 35. Qf8+ Kg5 36. c6 Qd1+ 37. Kh2 Qd2 38. c7 Qe2 39. c8=Q Qh5+ 40. Kg2 Qg4+ 41. Kf1 Qd1+ 42. Kg2 Qg4+ 43. Kh2 Qh4+ 44. Kg1 Qg4+ 45. Kh1 Qh3+ 46. Kg1 Qg4+ 47. Kh2 Qh4+ 48. Kg2 Qg4+ 1/2-1/2

[Event "*** Titled Tuesday Blitz"]
[Site "Chess.com"]
[Date "2020.11.24"]
[Round "5"]
[White "OsorioFernando"]
[Black "Roman_Ovetchkin"]
[Result "0-1"]
[WhiteElo "2342"]
[BlackElo "2625"]
[TimeControl "180+1"]
[EndTime "11:11:12 PST"]
[Termination "Roman_Ovetchkin won by resignation"]

1. e4 c6 2. d4 d5 3. Nc3 dxe4 4. Nxe4 Nf6 5. Nxf6+ exf6 6. Nf3 Bd6 7. Bd3 O-O 8. O-O Bg4 9. h3 Be6 10. Re1 Re8 11.
c3 Nd7 12. Qc2 Nf8 13. Bd2 Qd7 14. Bf1 Ng6 15. Rad1 Bf5 16. Qb3 a5 17. a4 Be4 18.
c4 Bc7 19. Bc1 b6 20. g3 h5 21. Bg2 Qf5 22. Re3 Bc2 23. g4 Bxb3 24. gxf5 Bxd1 25.
fxg6 fxg6 26. Rxe8+ Rxe8 27. Be3 Bxa4 28. Nd2 c5 29. d5 Bc2 30. Bf3 Be5 31. b3 Bc3 32. d6 Rd8 33. Ne4 Bxe4 34. Bxe4 g5 35. h4 gxh4 36. Bf4 Be5 37. Bd5+ Kh7 38. Be4+ g6 0-1

[Event "*** Titled Tuesday Blitz"]
[Site "Chess.com"]
[Date "2020.11.24"]
[Round "5"]
[White "annamaja"]
[Black "Anna_ChessMate"]
[Result "0-1"]
[WhiteElo "2293"]
[BlackElo "2578"]
[TimeControl "180+1"]
[EndTime "11:11:12 PST"]
[Termination "Anna_ChessMate won by checkmate"]

1. e4 c6 2. d4 d5 3. exd5 cxd5 4. Nf3 Nc6 5. Bd3 Nf6 6. O-O Bg4 7. c3 e6 8. Bf4 Bd6 9. Bxd6 Qxd6 10. Nbd2 O-O 11. h3 Bh5 12. Re1 Rac8 13. Qb3 Rc7 14. Ne5 Rfc8 15.
Re3 a6 16. f4 b5 17. g4 Bg6 18. f5 exf5 19. gxf5 Bh5 20. Nxc6 Rxc6 21. a4 Qf4 22.
Rae1 bxa4 23. Qxa4 g6 24. Bxa6 R8c7 25. Bb5 Rb6 26.
fxg6 Bxg6 27. Qa5 Rcb7 28. Bd3 Rxb2 29. Bxg6 hxg6 30. R1e2 Rxd2 31. Rxd2 Qxe3+ 32. Rf2 Ne4 33. Qa8+ Kg7 34. Qxb7 Qxf2+ 35. Kh1 Ng3# 0-1

[Event "*** Titled Tuesday Blitz"]
[Site "Chess.com"]
[Date "2020.11.24"]
[Round "5"]
[White "ljuks68"]
[Black "Beltraxtor"]
[Result "1-0"]
[WhiteElo "2405"]
[BlackElo "2521"]
[TimeControl "180+1"]
[EndTime "11:11:13 PST"]
[Termination "ljuks68 won by resignation"]

1. e4 Nf6 2. e5 Nd5 3. c4 Nb6 4. d4 d6 5. f4 dxe5 6. fxe5 Nc6 7. Be3 Bf5 8. Nc3 e6 9. Nf3 Be7 10. Be2 O-O 11. O-O Qd7 12. Qe1 Nb4 13. Rd1 Nc2 14. Qf2 Nxe3 15. Qxe3 Bg6 16. b3 Rad8 17. Ne4 Qc6 18. Bd3 Rd7 19. Nc3 Rfd8 20. Bxg6 hxg6 21.
Ne4 Nc8 22. Nfg5 Bxg5 23. Nxg5 Ne7 24. g4 f6 25. exf6 gxf6 26. Rxf6 Rd6 27. Qh3 Kg7 28. Rf7+ 1-0

[Event "*** Titled Tuesday Blitz"]
[Site "Chess.com"]
[Date "2020.11.24"]
[Round "5"]
[White "Xeniya2005"]
[Black "Rodalquilar"]
[Result "0-1"]
[WhiteElo "2438"]
[BlackElo "2668"]
[TimeControl "180+1"]
[EndTime "11:11:14 PST"]
[Termination "Rodalquilar won by resignation"]

1. e4 d5 2. exd5 Qxd5 3. Nf3 Bg4 4. Be2 Nc6 5. d4 O-O-O 6. Be3 e5 7. c4 Qa5+ 8. Bd2 Bb4 9. d5 Bxf3 10. Bxf3 Nd4 11.
a3 Bxd2+ 12. Nxd2 Nxf3+ 13. Qxf3 Nf6 14. b4 Qb6 15. O-O Qd4 16. Qe2 e4 17. Rfe1 Rhe8 18. Nb3 Qc3 19. Nc5 b6 20. Na6 Kb7 21. b5 Qd3 22.
Qa2 e3 23. f3 e2 24. Nb4 Qe3+ 25.
Kh1 Nh5 26. Qb1 Ng3+ 27. hxg3 Rd6 28. Qf5 Rh6+ 29. Qh3 Rxh3+ 30. gxh3 Qxf3+ 31. Kh2 Qf2+ 0-1

[Event "*** Titled Tuesday Blitz"]
[Site "Chess.com"]
[Date "2020.11.24"]
[Round "5"]
[White "VinzentSpitzl"]
[Black "Zhani-Z"]
[Result "0-1"]
[WhiteElo "2364"]
[BlackElo "2523"]
[TimeControl "180+1"]
[EndTime "11:11:14 PST"]
[Termination "Zhani-Z won by checkmate"]

1. e4 e5 2. Nf3 Nc6 3. Bb5 a6 4.
Ba4 d6 5. O-O Bd7 6. d4 b5 7.
Bb3 Nxd4 8. Nxd4 exd4 9. c3 dxc3 10. Nxc3 Nf6 11. Bg5 Be7 12. Rc1 O-O 13. f4 Be6 14.
Nd5 Bxd5 15. exd5 Ne4 16. Bxe7 Qxe7 17. Qc2 Rac8 18. Rfe1 f5 19. Qc6 Qf6 20. Rcd1 Qxb2 21. Qxa6 Qf2+ 22. Kh1 Ra8 23. Qc6 Qa7 24. Rf1 Nf2+ 25.
Rxf2 Qxf2 26. Qxc7 Rae8 27. h3 Qxf4 28. Qc6 Qg3 29. Qxb5 f4 30. Qd3 f3 31. Rf1 Qxg2# 0-1

[Event "*** Titled Tuesday Blitz"]
[Site "Chess.com"]
[Date "2020.11.24"]
[Round "5"]
[White "mikheeva86"]
[Black "BJthechessgod"]
[Result "1-0"]
[WhiteElo "1978"]
[BlackElo "2216"]
[TimeControl "180+1"]
[EndTime "11:11:14 PST"]
[Termination "mikheeva86 won by checkmate"]

1. e4 c5 2. Nc3 Nc6 3. g3 g6 4. Bg2 Bg7 5. d3 e6 6. Be3 b6 7.
Qd2 Nge7 8. Bh6 O-O 9. h4 d5 10. h5 dxe4 11. hxg6 Nf5 12. Bxg7 Kxg7 13. Bxe4 hxg6 14.
Bxc6 Rb8 15. g4 Nd4 16. Qh6+ Kf6 17. Qf4+ Ke7 18. Qxb8 Nxc6 19. Qf4 Nd4 20. O-O-O b5 21. Qg5+ f6 22. Qxc5+ Kf7 23. Nxb5 Nxb5 24. Qxb5 Kg7 25.
Nf3 Rf7 26. Rh3 Rb7 27. Qc4 Qb6 28. Qc3 Rc7 29. Qb3 Qc6 30. Rdh1 g5 31. Rh7+ Kg8 32. Rxc7 Qxc7 33. d4 Kg7 34. Qe3 Qb6 35. Nxg5 fxg5 36. Qxg5+ Kf7 37. Rh7+ Kf8 38. Qe7+ Kg8 39.
Qf7# 1-0

[Event "*** Titled Tuesday Blitz"]
[Site "Chess.com"]
[Date "2020.11.24"]
[Round "5"]
[White "Aradej"]
[Black "Isajevsky_Anton"]
[Result "1-0"]
[WhiteElo "2436"]
[BlackElo "2574"]
[TimeControl "180+1"]
[EndTime "11:11:17 PST"]
[Termination "Aradej won on time"]

1. d4 d5 2. Bf4 Nf6 3. e3 c5 4.
c3 Nc6 5. Nd2 Bf5 6. Qb3 Qc8 7.
Ngf3 e6 8. h3 Be7 9. Nh4 Be4 10. f3 Nh5 11. fxe4 Bxh4+ 12. Kd1 Nxf4 13. exf4 cxd4 14. exd5 exd5 15. Qxd5 O-O 16. Bd3 g6 17. Nf3 Rd8 18. Qe4 dxc3 19. bxc3 Bf6 20. Rc1 Qc7 21. Rc2 Rxd3+ 22. Qxd3 Rd8 23. Nd4 Qxf4 24. Rf1 Qg5 25. Rd2 Nxd4 26. cxd4 Rxd4 27. Qe2 Rb4 28. h4 Qc5 29.
Qe8+ Kg7 30. Rxf6 Qg1+ 31. Kc2 Qc5+ 32. Kd1 Rb1+ 33. Ke2 Qc4+ 34. Rd3 Kxf6 35. Qh8+ Kf5 36. Qd8 Qe4+ 37. Kd2 Rb2+ 38. Kc1 Rxg2 39. Rd5+ Kg4 40. Rd4 Rc2+ 41. Kd1 1-0

[Event "*** Titled Tuesday Blitz"]
[Site "Chess.com"]
[Date "2020.11.24"]
[Round "5"]
[White "RD4ever"]
[Black "azikom"]
[Result "1/2-1/2"]
[WhiteElo "2821"]
[BlackElo "2602"]
[TimeControl "180+1"]
[EndTime "11:11:18 PST"]
[Termination "Game drawn by repetition"]

1. e4 e5 2. Nf3 Nc6 3. Bc4 Bc5 4. d3 d6 5. O-O Be6 6. Bb3 Nf6 7. c3 Bxb3 8. axb3 a6 9. b4 Ba7 10. Be3 O-O 11. Nbd2 h6 12. Nc4 Re8 13. Na5 Nxa5 14.
Rxa5 Bxe3 15. fxe3 c5 16. Ra4 b5 17. Ra3 cxb4 18. cxb4 Qb6 19. Qd2 d5 20. exd5 Nxd5 21. Re1 Rad8 22. Kh1 e4 23. dxe4 Nf6 24. Rd3 Nxe4 25.
Rxd8 Rxd8 26. Qc2 Qg6 27. Kg1 Re8 28. Nd4 Qd6 29. Qc6 Qxc6 30. Nxc6 Re6 31. Nd4 Rf6 32.
Re2 g6 33. Rc2 Kg7 34. Nf3 Rd6 35. Nd4 Rf6 36. Nf3 Rd6 37. Nd4 Rf6 1/2-1/2

[Event "*** Titled Tuesday Blitz"]
[Site "Chess.com"]
[Date "2020.11.24"]
[Round "5"]
[White "FontVella8"]
[Black "Rud_Makarian"]
[Result "1-0"]
[WhiteElo "2552"]
[BlackElo "2733"]
[TimeControl "180+1"]
[EndTime "11:11:19 PST"]
[Termination "FontVella8 won by resignation"]

1. e4 e5 2. Nc3 Nc6 3. g3 Bc5 4. Bg2 d6 5. Nge2 Nf6 6. Na4 Be6 7. O-O Qd7 8. c3 Bb6 9. d4 Bh3 10. Nxb6 axb6 11. f3 Bxg2 12. Kxg2 h6 13. Be3 d5 14. dxe5 Nxe5 15. Bd4 Nc4 16. b3 c5 17. bxc4 cxd4 18.
cxd5 dxc3 19. Nxc3 O-O 20. Qd4 Rfc8 21. a4 Rc5 22. Nb5 Rac8 23. Rf2 Nh7 24. h4 Nf6 25. d6 Rc4 26. Qd3 Qc6 27. Na7 Qd7 28. Nxc8 Rxc8 29. e5 Ne8 30. Rc2 Ra8 31. Qb5 Qf5 32. Rac1 Kh7 33. d7 Rd8 34. dxe8=Q Rxe8 35. Qxe8 1-0

[Event "*** Titled Tuesday Blitz"]
[Site "Chess.com"]
[Date "2020.11.24"]
[Round "5"]
[White "Sergienko_Sergey"]
[Black "Neftegor"]
[Result "0-1"]
[WhiteElo "2337"]
[BlackElo "2507"]
[TimeControl "180+1"]
[EndTime "11:11:19 PST"]
[Termination "Neftegor won by resignation"]

1. e4 e5 2. Nf3 Nc6 3. Bb5 a6 4. Ba4 Nf6 5. Qe2 b5 6. Bb3 Bc5 7. c3 d6 8. h3 O-O 9. O-O h6 10.
Rd1 Bb6 11. d4 Qe8 12. dxe5 Nxe5 13. Nh4 Bb7 14. Nd2 c5 15. Nf5 Rd8 16. Bc2 Ng6 17. Qf3 Qe5 18. a4 d5 19. exd5 Bxd5 20. Qg3 Qxg3 21.
Nxg3 Nf4 22. axb5 axb5 23. Ra6 Bc7 24. f3 Rfe8 25. Nde4 Bxe4 26. fxe4 Rxd1+ 27. Bxd1 Nxh3+ 28. gxh3 Bxg3 29. Bxh6 Nxe4 30. Be3 Nxc3 31. bxc3 Rxe3 32.
Ra8+ Kh7 33. Bc2+ g6 34. Kg2 Rxc3 35. Be4 Kh6 36. Ra7 f5 37. Bf3 Bf4 38. Ra6 b4 39.
Bd5 Rd3 40. Bf7 Rd6 41. Rxd6 Bxd6 42. Kf3 Kg5 43. Be8 b3 0-1

[Event "*** Titled Tuesday Blitz"]
[Site "Chess.com"]
[Date "2020.11.24"]
[Round "5"]
[White "elohunter1999"]
[Black "vugarrasulov"]
[Result "0-1"]
[WhiteElo "2581"]
[BlackElo "2871"]
[TimeControl "180+1"]
[EndTime "11:11:20 PST"]
[Termination "vugarrasulov won by resignation"]

1. d4 Nf6 2. c4 e6 3. Nc3 Bb4 4. Qc2 O-O 5. a3 Bxc3+ 6. Qxc3 d5 7. Bg5 dxc4 8. Qxc4 b6 9. Rd1 Ba6 10. Qa4 Qd7 11. Qc2 c5 12. dxc5 Qc7 13. Bxf6 gxf6 14. Nf3 Rc8 15. e3 Bxf1 16. Kxf1 Qxc5 17. Qxc5 bxc5 18.
Nd2 Nc6 19. Ne4 Rab8 20. Rd2 f5 21. Nd6 Rd8 22. Ke2 Na5 23. Rhd1 Kf8 24. e4 Nb3 25. e5 Nxd2 26. Rxd2 Ke7 27. f4 f6 28. Rc2 fxe5 29.
fxe5 Rxd6 30. exd6+ Kxd6 31. g3 e5 32. Rd2+ Kc6 33.
Kd3 Rd8+ 34. Kc2 Rxd2+ 35. Kxd2 Kd5 36. Kd3 e4+ 37. Ke3 c4 38. h3 h5 39. h4 a5 40.
a4 Kc5 41. Kf4 Kb4 42. Kxf5 e3 43. Ke4 e2 0-1

[Event "*** Titled Tuesday Blitz"]
[Site "Chess.com"]
[Date "2020.11.24"]
[Round "5"]
[White "Chessbard1972"]
[Black "halldorgretar"]
[Result "1-0"]
[WhiteElo "2329"]
[BlackElo "2155"]
[TimeControl "180+1"]
[EndTime "11:11:20 PST"]
[Termination "Chessbard1972 won by checkmate"]

1. d4 Nf6 2. c4 g6 3. Nf3 Bg7 4. g3 O-O 5. Bg2 d6 6. O-O c6 7. Nc3 Qa5 8. e4 Nbd7 9. h3 e5 10. Be3 Re8 11. a3 exd4 12. Nxd4 Ne5 13. b4 Qc7 14. Qb3 Be6 15. Nxe6 Rxe6 16. Rad1 Rae8 17. Rd2 Nfd7 18. Rfd1 f5 19. exf5 gxf5 20. Bd4 Nf8 21. f4 Neg6 22. Kh2 Re1 23. Qb1 Rxd1 24. Qxd1 Qf7 25. Bxg7 Qxg7 26. Rd3 Ne6 27. Ne2 Qb2 28. Qd2 Qa1 29. Rxd6 Qxa3 30. b5 cxb5 31. Bd5 Qxd6 32. Nd4 Nf8 33. Nxf5 Qb6 34. Qe2 bxc4 35. Qg4+ Kf7 36.
Qg7# 1-0

[Event "*** Titled Tuesday Blitz"]
[Site "Chess.com"]
[Date "2020.11.24"]
[Round "5"]
[White "GurevichMikhail"]
[Black "joppie2"]
[Result "0-1"]
[WhiteElo "2611"]
[BlackElo "2953"]
[TimeControl "180+1"]
[EndTime "11:11:21 PST"]
[Termination "joppie2 won by resignation"]

1. c4 e6 2. Nc3 d5 3. d4 Nf6 4. Nf3 h6 5. Bf4 Bd6 6. Bg3 O-O 7. e3 b6 8. cxd5 exd5 9. Qc2 a6 10. Be2 Bb7 11.
O-O Bxg3 12. hxg3 Qd6 13. Rfd1 Nbd7 14. Rac1 g6 15. a3 Kg7 16. b4 b5 17. Nb1 c6 18.
Nbd2 Nb6 19. Nb3 Nc4 20. Ra1 Bc8 21. Bd3 Bg4 22. Rdc1 Bxf3 23. gxf3 h5 24. Kg2 Rh8 25. Rh1 Rae8 26. Nc5 Ra8 27. a4 Nd7 28. axb5 axb5 29. Nxd7 Qxd7 30. Ra2 Qd6 31. Bxc4 bxc4 32. Rxa8 Rxa8 33. Rb1 Rb8 34. Qc3 Qf6 35. Ra1 h4 36.
gxh4 Qxh4 37. Rh1 Qg5+ 38. Kf1 Ra8 39. Ke2 Ra2+ 40. Ke1 Qg2 41. Rf1 Qxf3 0-1

[Event "*** Titled Tuesday Blitz"]
[Site "Chess.com"]
[Date "2020.11.24"]
[Round "5"]
[White "Artyom_ChessMate"]
[Black "Agoking701"]
[Result "1-0"]
[WhiteElo "2509"]
[BlackElo "2349"]
[TimeControl "180+1"]
[EndTime "11:11:21 PST"]
[Termination "Artyom_ChessMate won by resignation"]

1. e4 e5 2. Nf3 Nc6 3. Bb5 a6 4.
Bxc6 dxc6 5. O-O f6 6. d4 exd4 7. Nxd4 Bc5 8. Qh5+ Kf8 9. Qxc5+ Ne7 10. Nf5 Bxf5 11. exf5 b6 12. Qc4 Qe8 13. Re1 Qh5 14. Nc3 Qxf5 15. Bf4 b5 16. Qe2 Re8 17. Bxc7 Kf7 18.
Qd2 b4 19. Ne4 Nc8 20. Nd6+ Nxd6 21. Bxd6 a5 22. h3 Rxe1+ 23. Rxe1 Rd8 24. Qe2 Kg6 25. Bg3 h5 26. h4 a4 27. Qe4 Rd2 28. Qxf5+ Kxf5 29.
Rc1 c5 30. b3 a3 31. Kf1 g5 32. Ke1 Rd4 33. Rd1 Re4+ 34. Kf1 gxh4 35. Bd6 Kg4 36. Bxc5 f5 37. Rd4 Kf4 38. Rxe4+ fxe4 39. Bxb4 1-0

[Event "*** Titled Tuesday Blitz"]
[Site "Chess.com"]
[Date "2020.11.24"]
[Round "5"]
[White "sboshaon21"]
[Black "MasterMK73"]
[Result "0-1"]
[WhiteElo "2086"]
[BlackElo "2275"]
[TimeControl "180+1"]
[EndTime "11:11:21 PST"]
[Termination "MasterMK73 won on time"]

1. e4 c5 2. Nf3 a6 3. d4 cxd4 4.
Nxd4 Nf6 5. Nc3 e5 6. Nb3 Bb4 7.
Be2 Nxe4 8. O-O Nxc3 9. bxc3 Bxc3 10. Ba3 Bxa1 11. Qxa1 Qf6 12. Re1 Nc6 13. g3 b5 14.
Bc5 d6 15. Ba3 O-O 16. Rd1 b4 17. Bb2 Bb7 18. f4 Qh6 19. Bf3 exf4 20. Bc1 Qg6 21. Bxf4 Rad8 22. a3 Qxc2 23. Nd4 Nxd4 24. Bxb7 Ne2+ 25.
Kh1 Nxf4 26. gxf4 b3 27. Bd5 b2 28. Qb1 Rc8 0-1

[Event "*** Titled Tuesday Blitz"]
[Site "Chess.com"]
[Date "2020.11.24"]
[Round "5"]
[White "Salem-AR"]
[Black "burbur555"]
[Result "1-0"]
[WhiteElo "2903"]
[BlackElo "2600"]
[TimeControl "180+1"]
[EndTime "11:11:22 PST"]
[Termination "Salem-AR won by resignation"]

1. e4 c6 2. d4 d5 3. e5 Bf5 4. Nf3 e6 5. Be2 h6 6. O-O Ne7 7. c3 Bh7 8. a4 a5 9. Na3 Ng6 10. Bd3 Be7 11. g3 O-O 12. h4 Re8 13. Nc2 c5 14. h5 Nf8 15. Bxh7+ Nxh7 16. dxc5 Bxc5 17. Nfd4 Nc6 18. f4 f6 19. exf6 Qxf6 20.
Be3 e5 21. Nb5 Bxe3+ 22. Nxe3 d4 23. Nd5 Qe6 24. Nbc7 Qh3 25. Qf3 e4 26. Qg2 Qxg2+ 27. Kxg2 d3 28. Rfe1 Rad8 29. Nxe8 Rxe8 30. Rad1 Kf7 31.
Nc7 Re7 32. Nb5 Nf6 33. Nd6+ Kf8 34. g4 Re6 35. Nxb7 Nxg4 36. Nc5 Rd6 37. Nxe4 Rd5 38. Kf3 Nf6 39. Nxf6 gxf6 40. Re6 Ne7 41. Rxf6+ Kg7 42.
Re6 Kf7 43. Re3 Rxh5 44. Rexd3 Rh2 45. R1d2 Rh1 46. Rd1 Rh2 47. R3d2 1-0

[Event "*** Titled Tuesday Blitz"]
[Site "Chess.com"]
[Date "2020.11.24"]
[Round "5"]
[White "PIwan"]
[Black "Alexander_Kachko"]
[Result "0-1"]
[WhiteElo "2555"]
[BlackElo "2783"]
[TimeControl "180+1"]
[EndTime "11:11:22 PST"]
[Termination "Alexander_Kachko won on time"]

1. c4 Nc6 2. Nc3 e5 3. Nf3 f5 4. d4 e4 5. Ng5 Nf6 6. Nh3 d6 7. Nf4 g6 8. h4 Ne7 9. e3 h6 10. b3 Bg7 11. Bb2 c6 12. Qd2 O-O 13. d5 cxd5 14.
cxd5 a6 15. a4 Kh7 16. Bc4 Ng4 17. Rd1 Ne5 18. Be2 Rf6 19. Kf1 Bd7 20. g3 Qe8 21.
Kg2 Qf7 22. Nh3 Kg8 23. Ng5 Qe8 24. Ne6 Bxe6 25. dxe6 Rxe6 26. Nd5 Rc8 27. Nb6 Rd8 28.
h5 g5 29. Nd5 Rd7 30. Rc1 N7c6 31. Rhd1 Nf3 32. Bxf3 exf3+ 33. Kg1 Qxh5 34. Bxg7 Qh3 0-1

[Event "*** Titled Tuesday Blitz"]
[Site "Chess.com"]
[Date "2020.11.24"]
[Round "5"]
[White "esrosenberg"]
[Black "yourstrulyme"]
[Result "0-1"]
[WhiteElo "2157"]
[BlackElo "2476"]
[TimeControl "180+1"]
[EndTime "11:11:23 PST"]
[Termination "yourstrulyme won on time"]

1. Nf3 Nf6 2. c4 e6 3. Nc3 d5 4. d4 Be7 5. Bg5 h6 6. Bf4 O-O 7. e3 Ne4 8. Nxe4 dxe4 9. Nd2 f5 10. a3 Nd7 11. Be2 b6 12. O-O g5 13. Be5 Nxe5 14.
dxe5 Bb7 15. Qc2 c5 16. Rad1 Qc7 17. f4 exf3 18. Bxf3 Bxf3 19. Nxf3 Rad8 20. Rxd8 Rxd8 21. e4 g4 22. exf5 gxf3 23. f6 Bf8 24. Qg6+ Kh8 25.
f7 Bg7 26. Rxf3 Qxe5 27. Rf1 Qe3+ 28. Kh1 Qf2 29. Qb1 Qe2 30. h3 Qxc4 0-1

[Event "*** Titled Tuesday Blitz"]
[Site "Chess.com"]
[Date "2020.11.24"]
[Round "5"]
[White "HanSchut"]
[Black "zurzan"]
[Result "1-0"]
[WhiteElo "2207"]
[BlackElo "2074"]
[TimeControl "180+1"]
[EndTime "11:11:23 PST"]
[Termination "HanSchut won by resignation"]

1. e4 Nf6 2. e5 Nd5 3. d4 d6 4. c4 Nb6 5. exd6 cxd6 6. Be3 g6 7. Nc3 Bg7 8. Rc1 O-O 9. b3 Nc6 10.
Be2 e5 11. dxe5 dxe5 12. Bc5 Qxd1+ 13. Rxd1 Re8 14. Nb5 Nd7 15. Nc7 Nxc5 16. Nxe8 Bf5 17. Nxg7 Kxg7 18. Nf3 Nb4 19. O-O e4 20. Nd4 Nxa2 21.
Nxf5+ gxf5 22. Rd5 Nc3 23. Rxc5 Nxe2+ 24. Kh1 Kg6 25.
Ra1 Nf4 26. Rc7 Nd3 27. Kg1 f4 28. Rxb7 e3 29. fxe3 fxe3 30. Kf1 Re8 31. Ke2 Nc5 32. Rb5 Ne4 33. Rba5 Nc3+ 34. Kd3 e2 35. Kxc3 e1=Q+ 36. Rxe1 Rxe1 37. c5 Re2 38. c6 Rxg2 39. c7 Rg1 40. Rc5 Rc1+ 41. Kb4 1-0

[Event "*** Titled Tuesday Blitz"]
[Site "Chess.com"]
[Date "2020.11.24"]
[Round "5"]
[White "SpasKozhuharov"]
[Black "skoularikii"]
[Result "1-0"]
[WhiteElo "2680"]
[BlackElo "2476"]
[TimeControl "180+1"]
[EndTime "11:11:24 PST"]
[Termination "SpasKozhuharov won by resignation"]

1. d4 d5 2. c4 c6 3. e3 Nf6 4. Nc3 Bf5 5. cxd5 cxd5 6. Qb3 Qd7 7. Nf3 Nc6 8. Ne5 Qc7 9. Bb5 e6 10. Qa4 Rc8 11. Qxa7 Bd6 12. Nxc6 bxc6 13. Qxc7 Rxc7 14. Be2 Ke7 15. b3 Ra8 16. Bb2 Nd7 17. f3 Rb7 18. Kf2 c5 19. Nb5 Bb8 20. Rhc1 Ra5 21. a4 Bd6 22.
dxc5 Bxc5 23. Rxc5 Nxc5 24. Ba3 Kd7 25. Bxc5 Bc2 26.
Bb4 Ra8 27. Ra3 e5 28. Ke1 Ke6 29. Kd2 Bg6 30. Bc5 f6 31. b4 Be8 32. Nc3 d4 33. exd4 exd4 34. Bxd4 Rxb4 35. Ke3 Bxa4 36. Bc5 Rb3 37. Bc4+ 1-0

[Event "*** Titled Tuesday Blitz"]
[Site "Chess.com"]
[Date "2020.11.24"]
[Round "5"]
[White "InitiatingASC"]
[Black "alexrustemov"]
[Result "1/2-1/2"]
[WhiteElo "2448"]
[BlackElo "2647"]
[TimeControl "180+1"]
[EndTime "11:11:24 PST"]
[Termination "Game drawn by repetition"]

1. Nf3 d5 2. g3 Nf6 3. Bg2 c6 4. O-O Bf5 5. d3 e6 6. Nbd2 h6 7. a3 Be7 8. b4 a5 9. Rb1 axb4 10.
axb4 O-O 11. Bb2 Nbd7 12. Re1 Bh7 13. e4 Ra4 14. c3 b5 15. Ra1 Nb6 16. Nd4 Qc7 17. Qe2 dxe4 18. Nxe4 Rxa1 19. Rxa1 Nxe4 20. Bxe4 Bxe4 21. Qxe4 Nd5 22. Ra6 Bf6 23. Rxc6 Qa7 24. Kg2 Bxd4 25. Qxd4 Qxd4 26. cxd4 Rb8 27. Bc3 Kf8 28.
Bd2 Ke7 29. Rc5 Kd7 30. Kf3 h5 31. Bf4 Rb7 32. Bd2 g6 33. h3 Kd6 34. Bf4+ Kd7 35.
Bd2 Ke7 36. Bg5+ Kd7 37. Bd2 1/2-1/2

[Event "*** Titled Tuesday Blitz"]
[Site "Chess.com"]
[Date "2020.11.24"]
[Round "5"]
[White "Nachsueb"]
[Black "Chessdude1987"]
[Result "0-1"]
[WhiteElo "2166"]
[BlackElo "2358"]
[TimeControl "180+1"]
[EndTime "11:11:27 PST"]
[Termination "Chessdude1987 won by resignation"]

1. c4 Nf6 2. Nc3 d5 3. cxd5 Nxd5 4. g3 g6 5. Bg2 Nxc3 6. bxc3 Bg7 7. Nf3 O-O 8. O-O c5 9. Qa4 Qc7 10. Rb1 Nd7 11. d3 a6 12. Qh4 h5 13. Qxe7 Bxc3 14. Bf4 Qd8 15. Qe3 Re8 16. Qc1 Bf6 17. e4 Ra7 18.
Re1 b6 19. e5 Bg7 20. d4 cxd4 21. Nxd4 Bb7 22. Bxb7 Rxb7 23. Nc6 Qa8 24. Qe3 Nc5 25.
Rbd1 Rc7 26. Nd4 Rce7 27. Bh6 Rxe5 28. Qd2 Rxe1+ 29. Rxe1 Rxe1+ 30. Qxe1 Bxh6 31. f3 Bg7 32. Nc2 Qd8 33. Kf2 Nd3+ 0-1

[Event "*** Titled Tuesday Blitz"]
[Site "Chess.com"]
[Date "2020.11.24"]
[Round "5"]
[White "CraiggoryC"]
[Black "lucachess49"]
[Result "1-0"]
[WhiteElo "2153"]
[BlackElo "2334"]
[TimeControl "180+1"]
[EndTime "11:11:27 PST"]
[Termination "CraiggoryC won by resignation"]

1. e4 e5 2. Nf3 Nc6 3. Bb5 a6 4. Ba4 Nf6 5. d3 d6 6. O-O Be7 7. a3 O-O 8. h3 Na5 9. c3 b5 10. Bc2 c5 11. b4 Nc6 12. Nbd2 Bb7 13. Re1 Rc8 14. Nf1 Re8 15. Ne3 h6 16. Nf5 Bf8 17. Nh2 Ne7 18. Ng4 Nxf5 19. exf5 Nxg4 20. hxg4 Be7 21. bxc5 Rxc5 22. d4 Rxc3 23. Bb2 Rc8 24. dxe5 dxe5 25. Rxe5 Qxd1+ 26. Bxd1 Bf6 27. Rxe8+ Rxe8 28. Bxf6 Re1+ 29. Kh2 gxf6 30. Rc1 Kg7 31. Rc7 Bxg2 32.
Bb3 Rd1 33. Bxd1 1-0

[Event "*** Titled Tuesday Blitz"]
[Site "Chess.com"]
[Date "2020.11.24"]
[Round "5"]
[White "ukchessbomber"]
[Black "ShahMatKanal"]
[Result "0-1"]
[WhiteElo "2352"]
[BlackElo "2511"]
[TimeControl "180+1"]
[EndTime "11:11:28 PST"]
[Termination "ShahMatKanal won on time"]

1. d4 Nf6 2. c4 e5 3. dxe5 Ng4 4.
Nf3 Bc5 5. e3 Nc6 6. Be2 Ngxe5 7. Nxe5 Nxe5 8. f4 Nc6 9. O-O O-O 10. Nc3 d6 11. Kh1 Kh8 12. e4 f5 13. Bd3 Be6 14. Qh5 Qe8 15. Qh4 Qg6 16. b3 Bd4 17. Bb2 fxe4 18.
Bxe4 Bf5 19. Bxf5 Rxf5 20. Rad1 Raf8 21. Rxd4 Nxd4 22. Nd5 Nc6 23. Qe1 Qf7 24. Rg1 Re8 25. Qg3 h6 26. Qh4 Kh7 27. g4 Rxf4 28. Nxf4 Qxf4 29.
Qg3 Qe4+ 30. Qg2 Nb4 31. Qxe4+ Rxe4 32. Bc3 Nxa2 0-1

[Event "*** Titled Tuesday Blitz"]
[Site "Chess.com"]
[Date "2020.11.24"]
[Round "5"]
[White "sergeikim"]
[Black "rasmussvane"]
[Result "0-1"]
[WhiteElo "2535"]
[BlackElo "2883"]
[TimeControl "180+1"]
[EndTime "11:11:29 PST"]
[Termination "rasmussvane won on time"]

1. d4 d5 2. c4 e6 3. Nc3 a6 4.
cxd5 exd5 5. Nf3 Nf6 6. Bg5 Be6 7. e3 Nbd7 8. Bd3 Bd6 9. Qc2 c6 10. O-O Qc7 11. Rfe1 O-O 12. Rac1 h6 13. Bh4 Bg4 14. Bg3 Rfe8 15. Nh4 Bxg3 16. hxg3 Be6 17. Nf5 Bxf5 18. Bxf5 Re7 19. Bxd7 Qxd7 20. b4 Ne8 21. Na4 Rd8 22. Nc5 Qg4 23. Nd3 Nd6 24. Qc5 f6 25. Nf4 Qd7 26. Ng6 Re6 27. Nf4 Re4 28. a4 g5 29.
Nh5 Qf7 30. f3 Qxh5 31. fxe4 Nxe4 32. Qe7 Re8 33. Qd7 Nxg3 34. Kf2 Ne4+ 35. Kg1 Kf8 36.
Qxb7 Ng3 37. Qxc6 Qh1+ 38. Kf2 Ne4+ 39. Kf3 Qh5+ 40. g4 Qh3+ 41. Ke2 Qg2+ 0-1

[Event "*** Titled Tuesday Blitz"]
[Site "Chess.com"]
[Date "2020.11.24"]
[Round "5"]
[White "ural58"]
[Black "chessdjw"]
[Result "1/2-1/2"]
[WhiteElo "2434"]
[BlackElo "2658"]
[TimeControl "180+1"]
[EndTime "11:11:29 PST"]
[Termination "Game drawn by repetition"]

1. e4 c5 2. b3 g6 3. Bb2 Nf6 4. e5 Nd5 5. Nc3 Nxc3 6. dxc3 Bg7 7. f4 O-O 8. Qd2 d6 9. exd6 exd6 10. O-O-O Bg4 11.
Be2 Bxe2 12. Nxe2 Re8 13. Rhe1 Qa5 14. a4 b5 15. c4 Qxd2+ 16. Rxd2 bxc4 17. Bxg7 Kxg7 18. Rxd6 cxb3 19. cxb3 a5 20. Kd2 Re4 21. Rd8 Rb4 22. Nc1 Ra7 23. Nd3 Rxb3 24. Nxc5 Rb4 25. Nd3 Rb6 26.
Ree8 Nd7 27. Rg8+ Kf6 28. g4 Rd6 29. Ke3 Rb7 30. Ne5 Rb3+ 31. Ke2 Rb2+ 32. Ke3 Rb3+ 33. Ke2 Rb2+ 34. Ke3 Rb3+ 1/2-1/2